 Dungeon Crawl Stone Soup version 0.29.0-15-g675c0067aa (webtiles) character file.

Game seed: 13908221280308328400

27 Acheron the Conjurer (level 2, -6/26 HPs)
             Began as a Troll Conjurer on Sept 11, 2022.
             Splashed by a jelly's acid (10 damage)
             ... on level 3 of the Dungeon.
             The game lasted 00:03:52 (1074 turns).

Acheron the Conjurer (Troll Conjurer)               Turns: 1074, Time: 00:03:53

Health: -6/26      AC: -4    Str: 14    XL:     2   Next: 93%
Magic:  2/2        EV:  9    Int: 14    God:
Gold:   143        SH:  0    Dex:  8    Spells: 0/3 levels left

rFire   . . .      SeeInvis .   (no weapon)
rCold   . . .      Faith    .   (no shield)
rNeg    . . .      Spirit   .   a - +0 robe
rPois   .          Reflect  .   (helmet restricted)
rElec   .          Harm     .   (no cloak)
rCorr   .          Rampage  .   (gloves unavailable)
Will    .....                   (boots unavailable)
Stlth   +.........              (no amulet)
HPRegen 0.88/turn               o - ring of wizardry
MPRegen 0.08/turn               (no ring)

@: corroded
A: large, unfitting armour, claws 3, regeneration 1, shaggy fur 1, tough skin 1
a: no special abilities


You were on level 3 of the Dungeon.
You visited 1 branch of the dungeon, and saw 4 of its levels.

You collected 143 gold pieces.

Inventory:

Hand Weapons
 e - a +0 trident
Missiles
 k - 5 poisoned darts (quivered)
 n - 2 silver boomerangs
Armour
 a - a +0 robe (worn)
Jewellery
 o - a ring of wizardry (left claw)
Scrolls
 c - a scroll of teleportation {unknown}
 d - 2 scrolls of identify {unknown}
 g - a scroll of poison {unknown}
 i - a scroll of vulnerability {unknown}
 l - a scroll of immolation {unknown}
 m - a scroll of torment {unknown}
Potions
 b - a potion of magic
 f - a potion of mutation {unknown}
 h - a potion of resistance {unknown}
 j - 2 potions of flight {unknown}
 p - a potion of lignification {unknown}


   Skills:
 * Level 0.5 Fighting
 * Level 1.7 Dodging
 - Level 1.0 Stealth
 * Level 0.6 Unarmed Combat
 * Level 1.3 Spellcasting
 * Level 3.4 Conjurations


You couldn't memorise any spells.
You knew the following spells:

 Your Spells              Type           Power      Damage    Failure   Level
a - Magic Dart            Conj           40%        1d5       2%          1
b - Searing Ray           Conj           20%        2d5       4%          2

Your spell library contained the following spells:

 Spells                   Type           Power      Damage    Failure   Level
 Dazzling Flash           Conj/Hex       10%        N/A       16%         3
 Fulminant Prism          Conj/Hex       2%         3d6       43%         4
 Iskenderun's Mystic Bla  Conj/Tloc      5%         2d3       43%         4
 Petrify                  Tmut/Erth      0%         N/A       67%         4
 Metabolic Englaciation   Hex/Ice        0%         N/A       94%         5
 Statue Form              Tmut/Erth      0%         N/A       100%        6


Dungeon Overview and Level Annotations

Branches:
Dungeon (4/15)
 Temple: D:4-7

Altars:


Innate Abilities, Weirdness & Mutations

You are too large for most types of armour.
You have claws for hands.
Your natural rate of healing is unusually fast.
You are covered in fur. (AC +1)
You have tough skin. (AC +1)


Message History

You claw the dart slug!
The dart slug is severely wounded.
The dart slug launches a dart at you. The slug dart misses you.
You scratch the dart slug but do no damage.
The dart slug is severely wounded.
The dart slug launches a dart at you.
The slug dart hits you but does no damage.
You scratch the dart slug.
The dart slug is almost dead.
You claw the dart slug!
You kill the dart slug!
You now have 143 gold pieces (gained 9).
Found a stone staircase leading up.
A gnoll comes into view. It is wielding a +0 club.
Found a stone staircase leading down.
The gnoll shouts!
A gnoll comes into view. It is wielding a +0 whip.
Found a falchion.
An endoplasm and a jelly come into view.
The jelly quivers.
The jelly attacks as you move away! The jelly hits you. The acid corrodes you!
You are splashed with acid!
Found a clear potion.
There is a stone staircase leading up here.
The endoplasm quivers.
The jelly hits you.
You are splashed with acid.
You climb upwards.
There is a stone staircase leading down here.
You barely miss the jelly. The jelly closely misses you.
You scratch the jelly.
Your claws burn!
The jelly is lightly wounded.
The jelly hits you.
You are splashed with acid!
* * * LOW HITPOINT WARNING * * *
The giant cockroach closely misses you. The giant cockroach bites you.
* * * LOW HITPOINT WARNING * * *
The jelly attacks as you move away! The jelly hits you.
* * * LOW HITPOINT WARNING * * *
The acid corrodes you!
You are splashed with acid!
You die...

# # ##.#
#.######.....
#...>.....#
##.#BJ...## #
#@##..# #.#
..# #.. ...
.... ...
.##.. .. .#
#.. . . ...
.. ...


You could see a jelly and a giant cockroach.

Vanquished Creatures
  3 dart slugs (D:4)
  2 ball pythons
  3 bats
  An endoplasm (D:1)
  2 giant cockroaches (D:1)
  2 goblins
  3 hobgoblins (D:2)
  3 frilled lizards
  A rat (D:2)
20 creatures vanquished.

Notes
Turn   | Place    | Note
-------+----------+-------------------------------------------
     0 | D:1      | Acheron the Troll Conjurer began the quest for the Orb.
     0 | D:1      | Reached XP level 1. HP: 16/16 MP: 1/1
    39 | D:1      | Reached skill level 3 in Conjurations
   202 | D:1      | Reached XP level 2. HP: 24/24 MP: 0/2
   229 | D:1      | Learned a level 2 spell: Searing Ray
  1027 | D:3      | Noticed a gnoll sergeant
  1074 | D:3      | Splashed by a jelly's acid

Illustrated notes

Levels and vault maps discovered:
D:1:      ebering_trefoil_twist, layout_rooms, dreamdust_wishing_well
D:2:      layout_loops_ring
D:3:      layout_loops_ring, nicolae_dithmenos_shadow_blocks,
          shapermc_ecumenical_altar_mp_highgroup, uniq_ijyb, uniq_robin
D:4:      layout_rooms, lemuel_coloured_pillars_altar, kennysheep_little_box,
          uniq_sigmund

Skill      XL: |  1 |
---------------+----+-----
Conjurations   | 3 |  3.4
Fighting       | |  0.5
Dodging        | |  1.7
Stealth        | |  1.0
Unarmed Combat | |  0.6
Spellcasting   | |  1.3

Action                   || total
-------------------------++-------
Melee: Unarmed           ||    53
       Punch             ||     1
 Cast: Magic Dart        ||    10
 Stab: Sleeping          ||     1
Armor: Robe              ||    18
Dodge: Dodged            ||    26
